 Dungeon Crawl Stone Soup version 0.29-a0-338-g1ff7896281 (webtiles) character file.

Game seed: 7559346821824989432

8141 sammy202020 the Grappler (level 11, -5/166 (169) HPs)
             Began as a Troll Fighter on Apr 18, 2022.
             Was a High Priest of Okawaru.
             Killed by divine providence
             ... invoked by an orc priest
              (15 damage)
             ... on level 11 of the Dungeon.
             The game lasted 00:18:09 (8241 turns).

sammy202020 the Grappler (Troll Fighter)            Turns: 8241, Time: 00:18:10

HP:   -5/166 (169)  AC:  7    Str: 26    XL:     11   Next: 6%
MP:   0/13          EV: 14    Int:  8    God:    Okawaru [*****.]
Gold: 473           SH: 13    Dex: 15    Spells: 10/10 levels left

rFire   . . .      SeeInvis .     - Unarmed
rCold   . . .      Faith    .   l - +2 kite shield {AC+3}
rNeg    . . .      Spirit   +   a - +0 robe
rPois   .          Reflect  .   (helmet restricted)
rElec   .          Harm     .   (no cloak)
rCorr   .          Rampage  .   (gloves unavailable)
Will    .....                   (boots unavailable)
Stlth   ..........              n - amulet of guardian spirit
HPRegen 1.17/turn               x - +6 ring of dexterity
MPRegen 0.13/turn               (no ring)

@: berserking, heroic, lightly drained, very quick
A: large, unfitting armour, claws 3, regeneration 1, shaggy fur 1, tough skin 1
a: Renounce Religion, Heroism, Finesse, Duel


You were on level 11 of the Dungeon.
You worshipped Okawaru.
Okawaru was extremely pleased with you.
You visited 2 branches of the dungeon, and saw 12 of its levels.

You collected 473 gold pieces.

Inventory:

Hand Weapons
 p - a +1 hand axe
 D - a +3 flail
 I - the +10 fustibalus "Davehyem" {flame, Drain rF+ rCorr Str+3}
   (Okawaru gifted it to you on level 9 of the Dungeon)

   Any ammunition fired from it burns those it strikes, dealing additional fire
   damage.
   Str:       It affects your strength (+3).
   rF:        It protects you from fire.
   rCorr:     It protects you from acid and corrosion.
   Drain:     It drains your maximum health when unequipped.
Missiles
 q - 4 boomerangs (quivered)
 r - 2 datura-tipped darts
 s - 27 poisoned darts
 t - 4 curare-tipped darts
 y - 3 large rocks
Armour
 a - a +0 robe (worn)
 l - a +2 kite shield of protection (worn)
Jewellery
 n - an amulet of guardian spirit (around neck)
 o - a ring of fire
 x - a +6 ring of dexterity (left claw)
 F - a +6 ring of dexterity
 H - an amulet of regeneration
Wands
 v - a wand of iceblast (7)
 E - a wand of flame (7)
 G - a wand of polymorph (12)
Scrolls
 b - 2 scrolls of identify
 f - a scroll of acquirement
 h - 3 scrolls of fog
 u - a scroll of amnesia
 w - a scroll of enchant armour
 A - 4 scrolls of blinking
 C - a scroll of holy word
 J - a scroll of enchant weapon
Potions
 c - 3 potions of might
 d - a potion of invisibility
 e - 2 potions of curing
 g - 7 potions of lignification
 i - a potion of magic
 j - 2 potions of flight
 m - 2 potions of haste
 z - a potion of attraction
 B - a potion of mutation


   Skills:
 * Level 8.4(13.4) Fighting
 + Level 6.1(11.1) Dodging
 + Level 6.1(11.1) Shields
 * Level 9.7(14.7) Unarmed Combat
 + Level 4.4 Invocations


You had 10 spell levels left.
You didn't know any spells.
Your spell library contained the following spells:

 Spells                   Type           Power      Damage    Failure   Level
 Apportation              Tloc           0%         N/A       61%         1
 Pain                     Necr           0%         1d4       61%         1
 Corpse Rot               Necr/Air       0%         N/A       75%         2
 Poisonous Vapours        Pois/Air       0%         N/A       75%         2
 Agony                    Necr           0%         N/A       100%        5
 Alistair's Intoxication  Tmut/Pois      0%         N/A       100%        5
 Excruciating Wounds      Necr           0%         N/A       100%        5


Dungeon Overview and Level Annotations

Branches:
Dungeon (11/15)            Temple (1/1) D:4            Lair (0/6) D:8
    Orc: D:9-12

Altars:
Ashenzari
Cheibriados
Dithmenos
Elyvilon
Gozag
Hepliaklqana
Kikubaaqudgha
Nemelex Xobeh
Okawaru
Qazlal
Sif Muna
Trog
Wu Jian
Xom
Yredelemnul
The Shining One


Innate Abilities, Weirdness & Mutations

You are too large for most types of armour.
You have claws for hands.
Your natural rate of healing is unusually fast.
You are covered in fur. (AC +1)
You have tough skin. (AC +1)


Message History

Okay, then.
You feel better. You block the wight's attack. You block the kobold's attack.
The orc priest closely misses you. The troll bites you but does no damage.
You block the troll's attack. The troll claws you.
* * * LOW HITPOINT WARNING * * *
You claw the wight!
The wight is almost destroyed.
The troll bites you!
* * * LOW HITPOINT WARNING * * *
The troll claws you.
* * * LOW HITPOINT WARNING * * *
The troll completely misses you. You block the orc priest's attack.
You block the kobold's attack. You block the wight's attack.
You closely miss the wight.
The wight is severely damaged.
You block the wight's attack. You block the kobold's attack.
The troll bites you.
* * * LOW HITPOINT WARNING * * *
The troll misses you. The troll barely misses you.
The orc priest hits you with a +0 flail.
* * * LOW HITPOINT WARNING * * *
Okay, then.
A red film seems to cover your vision as you go berserk!
You feel yourself moving faster!
You feel mighty! You block the troll's attack. The troll barely misses you.
You block the troll's attack. The wight closely misses you.
You block the kobold's attack. You block the orc priest's attack.
You scratch the wight but do no damage.
The wight is severely damaged.
You claw the wight!
You destroy the wight!
Okawaru accepts your kill. The troll bites you!
* * * LOW HITPOINT WARNING * * *
The troll claws you.
* * * LOW HITPOINT WARNING * * *
The troll misses you.
The orc priest invokes the aid of Beogh against you.
Beogh smites you!
You die...

#......$.....
#............
#.......>....
#............
#............
#............
#....[.....#
#...o()....#
#...)@######
#...KT#
#######


You could see a troll, an orc priest and a kobold.

Vanquished Creatures
  2 two-headed ogres
  A cyclops (D:6)
  A gargoyle (D:7)
  2 trolls
  A shadow (D:9)
  A wyvern (D:11)
  3 yaks (D:8)
  An acid dragon (D:8)
  4 water moccasins
  4 sky beasts
  6 orc warriors
  3 ice beasts
  4 ogres
  4 centaurs
  4 kobold brigands
  3 necrophages
  3 bullfrogs
  A scorpion (D:3)
  6 wights
  15 killer bees
  3 howler monkeys
  2 jellies
  3 orc priests
  4 hounds
  3 gnoll shamans
  6 orc wizards
  5 iguanas
  Robin (D:2)
  6 adders
  14 gnolls
  A shadow imp (D:8)
  3 white imps
  2 ufetubi
  5 worms
  A dart slug (D:5)
  17 orcs
  9 ball pythons
  4 endoplasms
  5 giant cockroaches
  14 goblins
  8 hobgoblins
  7 jackals
  6 quokkas
  13 bats
  6 frilled lizards
  24 kobolds
  5 rats
246 creatures vanquished.

Vanquished Creatures (others)
  6 fungi (D:8)
  18 plants
  4 toadstools (D:1)
28 creatures vanquished.

Grand Total: 274 creatures vanquished

Notes
Turn   | Place    | Note
-------+----------+-------------------------------------------
     0 | D:1      | sammy202020 the Troll Fighter began the quest for the Orb.
     0 | D:1      | Reached XP level 1. HP: 22/22 MP: 0/0
   187 | D:1      | Reached XP level 2. HP: 29/29 MP: 1/1
   673 | D:1      | Reached XP level 3. HP: 35/36 MP: 2/2
   815 | D:2      | Noticed Robin
   849 | D:2      | Killed Robin
   856 | D:2      | Reached XP level 4. HP: 7/45 MP: 3/3
   970 | D:2      | Reached skill level 3 in Unarmed Combat
  1272 | D:2      | Found a faded altar of an unknown god.
  1306 | D:2      | You fall into a shaft and drop 2 floors!
  1391 | D:3      | Reached XP level 5. HP: 29/53 MP: 4/4
  1560 | D:3      | Reached skill level 4 in Unarmed Combat
  1560 | D:3      | Reached XP level 6. HP: 45/62 MP: 5/5
  2296 | D:4      | Found a shadowy altar of Dithmenos.
  2327 | D:4      | Reached XP level 7. HP: 71/71 MP: 6/6
  2522 | D:4      | Reached skill level 5 in Unarmed Combat
  2787 | D:4      | Found a staircase to the Ecumenical Temple.
  2800 | Temple   | Entered the Ecumenical Temple
  2862 | Temple   | Became a worshipper of Warmaster Okawaru
  3063 | D:4      | Identified a scroll of acquirement
  3063 | D:4      | Acquired a +2 kite shield of protection
  3086 | D:5      | Entered Level 5 of the Dungeon
  3190 | D:5      | Reached skill level 5 in Fighting
  3214 | D:5      | Reached XP level 8. HP: 63/80 MP: 7/7
  3297 | D:5      | Reached skill level 6 in Unarmed Combat
  3299 | D:5      | HP: 3/81 [killer bee (8)]
  3301 | D:5      | Reached * piety under Okawaru
  3311 | D:5      | HP: 2/81 [killer bee (6)]
  4016 | D:6      | Reached skill level 1 in Invocations
  4600 | D:6      | Reached ** piety under Okawaru
  4610 | D:6      | Reached XP level 9. HP: 68/89 MP: 7/9
  4774 | D:6      | Noticed a cyclops
  4787 | D:6      | Killed a cyclops
  4788 | D:6      | Reached skill level 7 in Unarmed Combat
  5286 | D:7      | Reached *** piety under Okawaru
  5437 | D:7      | Reached skill level 5 in Dodging
  5439 | D:7      | Reached skill level 5 in Shields
  5583 | D:7      | Noticed a gargoyle
  5590 | D:7      | Killed a gargoyle
  5604 | D:7      | Reached skill level 8 in Unarmed Combat
  5697 | D:7      | Reached **** piety under Okawaru
  6160 | D:7      | Found a snail-covered altar of Cheibriados.
  6162 | D:7      | Found a basalt altar of Yredelemnul.
  6162 | D:7      | Found a hazy altar of Hepliaklqana.
  6395 | D:8      | Reached XP level 10. HP: 102/102 MP: 11/11
  6441 | D:8      | Found a staircase to the Lair.
  6548 | D:8      | Noticed a two-headed ogre
  6568 | D:8      | Killed a two-headed ogre
  6568 | D:8      | Reached ***** piety under Okawaru
  6821 | D:8      | Reached skill level 9 in Unarmed Combat
  7303 | D:9      | Noticed a two-headed ogre
  7325 | D:9      | Killed a two-headed ogre
  7325 | D:9      | Identified the +10 fustibalus "Davehyem" {flame, Drain rF+
                  | rCorr Str+3} (Okawaru gifted it to you on level 9 of the
                  | Dungeon)
  7325 | D:9      | Received a gift from Okawaru
  7463 | D:9      | Found a white marble altar of Elyvilon.
  7912 | D:10     | Entered Level 10 of the Dungeon
  7994 | D:11     | Reached XP level 11. HP: 73/113 MP: 8/13
  8241 | D:11     | Killed from afar by an orc priest

Illustrated notes

Levels and vault maps discovered:
D:1:      ldierk_water_garden, layout_basic, minmay_misc_feat_x
D:2:      layout_loops_ring, hellmonk_ecumenical_altar_crossroads, uniq_robin
D:3:      layout_loops_ring, serial_bayou, serial_bayou_pond_e,
          serial_bayou_pond_d, serial_bayou_pond_a, serial_bayou_ford_a,
          serial_bayou_pond_b
D:4:      layout_basic, mainiacjoe_overflow_brackets,
          minmay_temple_entry_nine_rooms
D:5:      layout_basic, minmay_crossroads
D:6:      layout_loops_ring, chequers_avenue
D:7:      layout_basic, gammafunk_temple_overflow_forgotten, hex_medium
D:8:      layout_rooms, dpeg_oklobed_lair, uniq_psyche
D:9:      layout_loops_ring, elyvilon_altar_5, serial_glass, glass_columns_c,
          glass_columns_a, glass_columns_a, glass_columns_a, glass_columns_a,
          glass_columns_b, glass_columns_b, glass_columns_a, glass_columns_b,
          glass_columns_b, glass_columns_a, glass_columns_b, glass_columns_b,
          glass_columns_c, minmay_misc_feat_chi, kennysheep_opposing_triangles
D:10:     layout_cross, ebering_ghost_gozag
D:11:     cheibrodos_breeding_chamber, layout_irregular_city, serial_shops,
          nicolae_shop_trees
Temple:   bh_familiar_temple

Skill      XL: |  1  2  3  4  5  6  7  8  9 10 |
---------------+-------------------------------+-----
Fighting       | 3 4 5 6 7 8 |  8.4
Unarmed Combat | 3 4 5 6 8 9 |  9.7
Dodging        | 3 4 5 6 |  6.1
Shields        | 3 4 5 6 |  6.1
Invocations    | 1 3 4 |  4.4

Action                   |  1- 3 |  4- 6 |  7- 9 | 10-12 || total
-------------------------+-------+-------+-------+-------++-------
Melee: Unarmed           |   130 |   208 |   308 |   205 ||   851
Invok: Heroism           |       |       |     2 |     5 ||     7
       Finesse           |       |       |       |     3 ||     3
  Use: Scroll            |     4 |     5 |    13 |     1 ||    23
       Potion            |     1 |       |     5 |     3 ||     9
 Stab: Sleeping          |     1 |       |       |     1 ||     2
Armor: Robe              |    65 |    75 |    84 |    80 ||   304
Dodge: Dodged            |    65 |   103 |   106 |   164 ||   438
Block: Kite shield       |    64 |   118 |   157 |   197 ||   536

Table legend: (Time is in decaauts)
 A = Elapsed time spent in this place.
 B = Non-inter-level travel time spent in this place.
 C = Inter-level travel time spent in this place.
 D = Time resting spent in this place.
 E = Time spent auto-exploring this place.
 F = Levels seen in this place.
 G = Mean time per level.
                   A        B        C        D        E       F      G
               +--------+--------+--------+--------+--------+-----+--------+
         Total |   8242 |   8139 |    103 |   1391 |   4977 |  12 |  686.8 |
       Dungeon |   8143 |   8040 |    103 |   1391 |   4923 |  11 |  740.3 |
        Temple |     98 |     98 |      0 |      0 |     54 |   1 |   98.0 |
               +--------+--------+--------+--------+--------+-----+--------+

Top non-repeatable levels by time:
     D:6: 1401 daAuts
     D:7: 1144 daAuts
     D:3: 962 daAuts
     D:9: 871 daAuts
     D:4: 744 daAuts
     D:1: 743 daAuts
     D:5: 706 daAuts
     D:8: 668 daAuts
     D:2: 583 daAuts
    D:11: 301 daAuts
  Temple: 98 daAuts
    D:10: 16 daAuts
